 Dungeon Crawl Stone Soup version 0.29.1-12-g30fa7ad0bf (webtiles) character file.

Game seed: 17447361945637346217

84 retardedninja the Shield-Bearer (level 4, -8/41 HPs)
             Began as a Minotaur Fighter on Jan 11, 2023.
             Mangled by an orc
             ... wielding a +0 hand axe of distortion
              (22 damage)
             ... on level 3 of the Dungeon.
             The game lasted 00:03:34 (1708 turns).

retardedninja the Shield-Bearer (Minotaur Fighter)  Turns: 1708, Time: 00:03:35

Health: -8/41      AC:  8    Str: 22    XL:     4   Next: 24%
Magic:  3/3        EV:  9    Int:  5    God:
Gold:   131        SH:  4    Dex: 10    Spells: 3/3 levels left

rFire   . . .      SeeInvis .   a - +0 war axe
rCold   . . .      Faith    .   c - +0 buckler
rNeg    . . .      Spirit   .   b - +0 scale mail
rPois   .          Reflect  .   (helmet restricted)
rElec   .          Harm     .   (no cloak)
rCorr   .          Rampage  .   (no gloves)
Will    .....                   n - +0 pair of boots
Stlth   ..........              (no amulet)
HPRegen 0.13/turn               (no ring)
MPRegen 0.08/turn               (no ring)

@: no status effects
A: horns 2, retaliatory headbutt
a: no special abilities


You were on level 3 of the Dungeon.
You visited 1 branch of the dungeon, and saw 3 of its levels.

You collected 131 gold pieces.

Inventory:

Hand Weapons
 a - a +0 war axe (weapon)
Armour
 b - a +0 scale mail (worn)
 c - a +0 buckler (worn)
 n - a +0 pair of boots (worn)
Wands
 j - a wand of roots (8)
Scrolls
 g - 3 scrolls of identify {unknown}
 i - a scroll of immolation {unknown}
 l - a scroll of torment {unknown}
 m - a scroll of noise {unknown}
Potions
 d - 3 potions of might
 e - a potion of lignification {unknown}
 f - a potion of magic {unknown}
 h - a potion of mutation {unknown}
 k - a potion of cancellation {unknown}


   Skills:
 + Level 4.4 Fighting
 + Level 3.4 Axes
 + Level 4.3 Armour
 + Level 4.4 Shields


You had 3 spell levels left.
You didn't know any spells.
Your spell library contained the following spells:

 Spells                   Type           Power      Damage    Failure   Level
 Summon Small Mammal      Summ           0%         N/A       87%         1
 Call Canine Familiar     Summ           0%         N/A       99%         3
 Ignite Poison            Fire/Tmut/Pois 0%         N/A       99%         3
 Mephitic Cloud           Conj/Pois/Air  0%         N/A       99%         3
 Summon Guardian Golem    Hex/Summ       0%         N/A       99%         3
 Freezing Cloud           Conj/Ice/Air   0%         6-21      100%        5


Dungeon Overview and Level Annotations

Branches:
Dungeon (3/15)

Altars:

Shops:
D:2 (


Innate Abilities, Weirdness & Mutations

You have a pair of horns on your head.
You reflexively headbutt those who attack you in melee.


Message History

You kill the orc!
You hit the orc but do no damage. You slash the hobgoblin!
You kill the hobgoblin!
The orc barely misses you. The quokka bites you.
You hit the orc.
You kill the orc!
You closely miss the quokka. You hit the orc but do no damage.
The orc barely misses you. The quokka bites you.
The orc hits you but does no damage. Space warps horribly around you!
Unknown command.
You are too injured to fight recklessly!
Unknown command.
You are too injured to fight recklessly!
Unknown command.
You are too injured to fight recklessly!
Unknown command.
You are too injured to fight recklessly!
You hit the quokka.
The quokka is severely wounded.
You closely miss the orc. The quokka bites you.
The orc hits you with a +0 hand axe of distortion.
You blink.
Found a stone staircase leading down.
The orc throws a boomerang.
The boomerang hits you.
The orc throws a boomerang.
The boomerang barely misses you.
You closely miss the quokka.
The quokka is severely wounded.
You block the quokka's attack.
The quokka bites you but does no damage.
You hit the quokka.
You kill the quokka!
The orc throws a boomerang.
The boomerang closely misses you.
You closely miss the orc.
The orc hits you with a +0 hand axe of distortion.
You blink.
Found a scroll labelled ZOXZUST IHOUDGH.
There is a stone staircase leading down here.
The orc throws a boomerang.
The boomerang closely misses you. The orc hits you but does no damage.
Space warps horribly around you!!
Ouch! That really hurt!
You die...

########......?........
#<.....................
##.......................
...####..................
##.# .................
##.# ........>........
...# .................
##.# .................
##.# ........@........
##.# ........o........
##.# ....................
.#.# ...................
.#.####..................
.......#.................
..(....#.................
.......+.................
..#....#.##?)?..........#


You could see an orc.

Vanquished Creatures
  4 adders
  4 orcs (D:3)
  3 endoplasms
  A giant cockroach (D:1)
  A goblin (D:1)
  4 hobgoblins
  6 jackals (D:1)
  3 kobolds
  3 quokkas
  6 ball pythons
  3 bats (D:1)
  4 frilled lizards
  2 rats
44 creatures vanquished.

Notes
Turn   | Place    | Note
-------+----------+-------------------------------------------
     0 | D:1      | retardedninja the Minotaur Fighter began the quest for the
                  | Orb.
     0 | D:1      | Reached XP level 1. HP: 19/19 MP: 0/0
   132 | D:1      | Reached XP level 2. HP: 27/27 MP: 1/1
   307 | D:1      | Found a faded altar of an unknown god.
   737 | D:2      | Reached XP level 3. HP: 30/33 MP: 2/2
  1207 | D:2      | Found Inupir's Weapon Emporium.
  1361 | D:3      | Reached XP level 4. HP: 28/41 MP: 3/3
  1708 | D:3      | Mangled by an orc

Illustrated notes

Levels and vault maps discovered:
D:1:      nagdon_arrival_zigzag_paths, layout_rooms,
          hellmonk_ecumenical_altar_inner_sanctum, minmay_tall_x
D:2:      layout_rooms, serial_shops, shop, serial_park_tiny_1
D:3:      layout_basic, ebering_ghost_sewer_f, minmay_misc_feat_rugged,
          minmay_misc_feat_nine_boxes, nicolae_underground_beach

Skill      XL: |  1  2 |
---------------+-------+-----
Fighting       | 4 |  4.4
Shields        | 4 |  4.4
Armour         | 4 |  4.3
Axes           | 3 |  3.4

Action                   |  1- 3 |  4- 6 || total
-------------------------+-------+-------++-------
Melee: War axe           |    93 |    11 ||   104
       Headbutt          |     8 |     1 ||     9
  Use: Scroll            |     1 |       ||     1
Armor: Scale mail        |    73 |     7 ||    80
Dodge: Dodged            |    48 |    11 ||    59
Block: Buckler           |    29 |     5 ||    34
